cohdb
Replays
Latest Replays
All Replays
Popular Replays
Top Player Replays
Match Explorer
How It Works
Community
CoH3 Stats
Reddit
Sign in to upload your games and track your stats! →
Sign in with Steam
Win vs a smurf account. Maybe Nub? 2 x 250/9 strat
Match 27044188
Overview
Messages
Build Orders
End
Selects Special Operations Battlegroup
Selects M29 Weasel Recon Vehicle
M29 Weasel Recon Vehicle
Construct Barracks
Riflemen Squad
Riflemen Squad
Riflemen Squad
Grenade Package
Infantry Support Center
Construct Motor Pool
M1 Anti-tank Gun Team
M1 Anti-tank Gun Team
M1918 Browning Automatic Rifles
Construct Medical Station
Munitions Surplus
Riflemen Squad
Advanced Logistics
Selects P-47 Anti-Infantry Loiter
Demolitions Package
M1 Anti-tank Gun Team
Survival Training
P-47 Anti-Infantry Loiter
M1 Anti-tank Gun Team
Selects M4A1 Sherman Whizbang
M4A1 Sherman Whizbang
Riflemen Squad
M4A1 Sherman Whizbang
Engineer Squad
Selects Raiding Flares
Selects SSF Commando Squad
Selects Assault Operation
P-47 Anti-Infantry Loiter
M1 Anti-tank Gun Team
M1 Anti-tank Gun Team
M1 Anti-tank Gun Team
Assault Operation
Ranger ooga booga
Pie-Eater
0
0
Comments
sign in to comment!
No comments posted yet!